 Dungeon Crawl Stone Soup version 0.28-a0-247-gb8bfbab023 (webtiles) character file.

Game seed: 10995385546339279771

408 speeev33 the Chopper (level 6, -2/58 HPs)
             Began as a Hill Orc Fighter on Aug 25, 2021.
             Slain by Ijyb (4 damage)
             ... on level 4 of the Dungeon.
             The game lasted 00:06:47 (3953 turns).

speeev33 the Chopper (Hill Orc Fighter)             Turns: 3953, Time: 00:06:49

Health: -2/58      AC: 10    Str: 21    XL:     6   Next: 88%
Magic:  6/6        EV: 11    Int:  8    God:
Gold:   102        SH:  8    Dex: 10    Spells: 5/5 levels left

rFire   . . .      SeeInvis +   a - +1 war axe (venom)
rCold   . . .      Faith    .   c - +0 kite shield
rNeg    . . .      Spirit   .   b - +0 scale mail
rPois   .          Reflect  .   t - +0 helmet
rElec   .          Harm     .   l - +0 cloak
rCorr   .          Rampage  .   (no gloves)
Will    .....                   j - +0 pair of boots
Stlth   ..........              (no amulet)
HPRegen 0.19/turn               r - ring of see invisible
MPRegen 0.10/turn               p - +4 ring of evasion

@: no status effects
A: no striking features
a: no special abilities


You were on level 4 of the Dungeon.
You visited 1 branch of the dungeon, and saw 4 of its levels.

You collected 102 gold pieces.

Inventory:

Hand Weapons
 a - a +1 war axe of venom (weapon)
Missiles
 i - 6 javelins (quivered)
Armour
 b - a +0 scale mail (worn)
 c - a +0 kite shield (worn)
 j - a +0 pair of boots (worn)
 l - a +0 cloak (worn)
 t - a +0 helmet (worn)
Jewellery
 d - a ring of resist corrosion
 p - a +4 ring of evasion (right hand)
 r - a ring of see invisible (left hand)
Scrolls
 h - a scroll of enchant weapon
 k - 2 scrolls of torment
 o - a scroll of teleportation
 s - a scroll of identify {unknown}
Potions
 e - a potion of attraction {unknown}
 f - a potion of lignification {unknown}
 g - a potion of berserk rage {unknown}
 m - a potion of flight {unknown}
 n - a potion of invisibility {unknown}
 q - a potion of haste
 u - a potion of curing {unknown}


   Skills:
 + Level 6.8 Fighting
 + Level 6.9 Axes
 - Level 3.2 Armour
 - Level 3.2 Shields


You had 5 spell levels left.
You didn't know any spells.
Your spell library contained the following spells:

 Spells                   Type           Power      Damage    Failure   Level
 Magic Dart               Conj           0%         1d3       99%         1
 Searing Ray              Conj           0%         3d3       100%        2
 Ozocubu's Armour         Ice            0%         N/A       100%        3
 Fulminant Prism          Conj/Hex       0%         3d6       100%        4
 Ozocubu's Refrigeration  Ice            0%         4d5       100%        7
 Borgnjor's Revivificati  Necr           0%         N/A       100%        8
 Necromutation            Tmut/Necr      0%         N/A       100%        8
 Death's Door             Necr           0%         N/A       100%        9


Dungeon Overview and Level Annotations

Branches:
Dungeon (4/15)
 Temple: D:4-7

Altars:
Elyvilon
Hepliaklqana
Trog

Shops:
D:3 :   D:4 [

Annotations:
D:4 Ijyb


Message History

There is a large open door here.
Found 14 gold pieces.
You now have 92 gold pieces (gained 14).
Found 10 stones.
Found a stone staircase leading down.
You open the door.
There is an open door here.
s - a scroll labelled AMIUHIN XOIGU
u - a cyan potion You now have 102 gold pieces (gained 10).
You open the door.
There is an open door here.
Found 28 arrows.
Ijyb the Twisted Goblin comes into view.
She is wielding a +0 dagger, wearing a +1 leather armour of fire resistance and carrying a wand of mindburst (19).
Ijyb is nearby!
You start waiting.
Ijyb the Twisted Goblin opens the door.
She is wielding a +0 dagger, wearing a +1 leather armour of fire resistance and carrying a wand of mindburst (19).
Ijyb shouts!
Ijyb zaps a wand.
Your mind is blasted!
You closely miss Ijyb. Ijyb hits you but does no damage. Ijyb misses you.
You barely miss Ijyb. You block Ijyb's attack.
You slash Ijyb!
Ijyb looks as sick as possible!
Ijyb is heavily wounded.
Ijyb drinks a potion.
Ijyb seems to speed up.
You hit Ijyb.
Ijyb looks as sick as possible!
Ijyb is heavily wounded.
You block Ijyb's attack. Ijyb screams, "Me kill you!"
Ijyb hits you but does no damage.
You barely miss Ijyb.
Ijyb is severely wounded.
You block Ijyb's attack.
Ijyb zaps a wand.
Your mind is blasted!
Ijyb hits you with a +0 dagger.
You closely miss Ijyb.
Ijyb is severely wounded.
Ijyb zaps a wand.
Your mind is blasted!
Ouch! That really hurt!
* * * LOW HITPOINT WARNING * * *
Ijyb hits you with a +0 dagger.
You die...

........# ....g...#
........###+###
..............#
(......... ...#
......... ...# #......#
... ##......###g##
#.......##@..##
#.............#
#.............#
#.............#
##################'#####
.......................#
.......................#
.......................#
.......................#


You could see Ijyb (fast, extremely poisoned).

Vanquished Creatures
  Sigmund (D:3)
  An ogre (D:3)
  Jessica (D:3)
  A hound skeleton (D:4)
  4 adders
  2 worms
  A dart slug (D:1)
  7 orcs (D:3)
  6 endoplasms
  10 giant cockroaches
  5 goblins
  4 hobgoblins
  7 jackals
  8 kobolds
  2 quokkas (D:1)
  9 ball pythons
  9 bats
  4 frilled lizards
  6 rats
88 creatures vanquished.

Vanquished Creatures (others)
  A wizard (D:3)
1 creature vanquished.

Grand Total: 89 creatures vanquished

Notes
Turn   | Place    | Note
-------+----------+-------------------------------------------
     0 | D:1      | speeev33 the Hill Orc Fighter began the quest for the Orb.
     0 | D:1      | Reached XP level 1. HP: 19/19 MP: 1/1
   315 | D:1      | Reached XP level 2. HP: 26/27 MP: 2/2
   325 | D:1      | Found a faded altar of an unknown god.
   674 | D:1      | Reached XP level 3. HP: 34/34 MP: 3/3
  1719 | D:2      | Reached XP level 4. HP: 41/41 MP: 4/4
  1928 | D:2      | Reached skill level 5 in Fighting
  2019 | D:3      | Noticed Jessica
  2031 | D:3      | Killed Jessica
  2175 | D:3      | Found a bloodstained altar of Trog.
  2179 | D:3      | Noticed a wizard
  2185 | D:3      | Killed a wizard
  2216 | D:3      | Found Buasissu's Book Shop.
  2246 | D:3      | Reached skill level 5 in Axes
  2374 | D:3      | Reached XP level 5. HP: 48/48 MP: 5/5
  2543 | D:3      | Noticed an ogre
  2591 | D:3      | Killed an ogre
  2943 | D:3      | Reached XP level 6. HP: 48/57 MP: 6/6
  2988 | D:3      | Found a white marble altar of Elyvilon.
  3004 | D:3      | Noticed Sigmund
  3070 | D:3      | Killed Sigmund
  3219 | D:3      | Found a hazy altar of Hepliaklqana.
  3856 | D:4      | Found Zyvvom's Armour Boutique.
  3930 | D:4      | Noticed Ijyb
  3953 | D:4      | HP: 2/58 [disintegration (31)]
  3953 | D:4      | Slain by Ijyb

Illustrated notes

Levels and vault maps discovered:
D:1:      dpeg_arrival_houses_and_road, layout_basic,
          ebering_ecumenical_altar_mist
D:2:      minmay_angry_zag, layout_basic, chequers_serial_rivers_micro_d,
          hangedman_decor_growths, hangedman_abyss_or_decor_stabs, st_stairs_12,
          minmay_worlds_worst_comb
D:3:      minmay_bubble_buster, layout_loops_ring, mainiacjoe_overflow_brackets,
          nicolae_elyvilon_peaceful_grove, trog_wizard, serial_shops, shop,
          minmay_misc_feat_rows, uniq_sigmund, uniq_jessica
D:4:      layout_gridville, xom_teletrap_fun, serial_shops,
          nicolae_shop_behind_doors, hex_medium, uniq_ijyb

Skill      XL: |  1  2  3  4  5  6 |
---------------+-------------------+-----
Axes           | 3 4 5 6 |  6.9
Fighting       | 4 5 6 |  6.8
Armour         | |  3.2
Shields        | |  3.2

Action                   |  1- 3 |  4- 6 || total
-------------------------+-------+-------++-------
Melee: War axe           |    96 |   155 ||   251
       Unarmed           |       |    10 ||    10
Throw: Javelin           |       |     5 ||     5
  Use: Potion            |       |     2 ||     2
       Scroll            |       |     5 ||     5
Armor: Scale mail        |    63 |    95 ||   158
Dodge: Dodged            |    44 |    57 ||   101
Block: Kite shield       |    50 |    75 ||   125

Table legend: (Time is in decaauts)
 A = Elapsed time spent in this place.
 B = Non-inter-level travel time spent in this place.
 C = Inter-level travel time spent in this place.
 D = Time resting spent in this place.
 E = Time spent auto-exploring this place.
 F = Levels seen in this place.
 G = Mean time per level.
                   A        B        C        D        E       F      G
               +--------+--------+--------+--------+--------+-----+--------+
         Total |   4067 |   3966 |    101 |    938 |   2006 |   4 | 1016.8 |
       Dungeon |   4067 |   3966 |    101 |    938 |   2006 |   4 | 1016.8 |
               +--------+--------+--------+--------+--------+-----+--------+

Top non-repeatable levels by time:
     D:3: 1645 daAuts
     D:2: 1082 daAuts
     D:1: 996 daAuts
     D:4: 342 daAuts
